 Dungeon Crawl Stone Soup version 0.27-a0-1277-g3808f8b1c9 (webtiles) character file.

Game seed: 15240254583795404075

227 Glokmah the Bolt Thrower (level 5, -1/45 HPs)
             Began as a Deep Dwarf Arcane Marksman on June 12, 2021.
             Slain by a black bear (4 damage)
             ... on level 3 of the Dungeon.
             The game lasted 00:06:49 (2960 turns).

Glokmah the Bolt Thrower (DDAM)                     Turns: 2960, Time: 00:06:49

Health: -1/45      AC:  3    Str: 14    XL:     5   Next: 70%
Magic:  7/7        EV: 12    Int: 13    God:
Gold:   199        SH:  0    Dex: 14    Spells: 4/8 levels left

rFire    . . .     SeeInvis .   q - +0 quarterstaff (spect)
rCold    . . .     Faith    .   (shield currently unavailable)
rNeg     . . .     Spirit   .   g - +0 leather armour
rPois    .         Reflect  .   (no helmet)
rElec    .         Harm     .   (no cloak)
rCorr    .         Rampage  .   (no gloves)
Will     .....                  (no boots)
Stlth    +.........             (no amulet)
HPRegen  0.00/turn              (no ring)
MPRegen  0.10/turn              (no ring)

@: no status effects
A: damage resistance, heal wounds, sense surroundings 1, no regeneration
a: Heal Wounds


You were on level 3 of the Dungeon.
You visited 1 branch of the dungeon, and saw 3 of its levels.

You collected 199 gold pieces.

Inventory:

Hand Weapons
 a - a +0 hand crossbow
 b - a +0 trident
 q - a +0 spectral quarterstaff (weapon)
Missiles
 m - 18 poisoned darts (quivered)
Armour
 g - a +0 leather armour (worn)
Scrolls
 e - a scroll of magic mapping {unknown}
 h - a scroll of amnesia {unknown}
 i - 3 scrolls of identify {unknown}
 j - 4 scrolls of fog {unknown}
 n - a scroll of acquirement {unknown}
 p - a scroll of noise {unknown}
 r - a scroll of enchant weapon {unknown}
 v - a scroll of holy word {unknown}
Potions
 c - a potion of flight {unknown}
 f - a potion of might {unknown}
 k - a potion of curing {unknown}
 l - a potion of heal wounds {unknown}
 o - a potion of degeneration {unknown}
 s - a potion of magic {unknown}


   Skills:
 + Level 2.0 Fighting
 * Level 4.0 Crossbows
 + Level 1.9 Armour
 - Level 2.1 Dodging
 + Level 2.0 Spellcasting
 + Level 3.0 Hexes
 + Level 1.2 Fire Magic


You had 4 spell levels left.
You knew the following spells:

 Your Spells              Type           Power      Damage    Failure   Level
a - Corona                Hex            10%        N/A       9%          1
b - Inner Flame           Hex/Fire       6%         N/A       36%         3

Your spell library contained the following spells:

 Spells                   Type           Power      Damage    Failure   Level
 Slow                     Hex            9%         N/A       13%         2
 Portal Projectile        Hex/Tloc       10%        N/A       45%         3
 Cause Fear               Hex            4%         N/A       65%         4
 Leda's Liquefaction      Hex/Erth       2%         N/A       86%         4


Dungeon Overview and Level Annotations

Branches:
Dungeon (3/15)

Altars:
Trog

Shops:
D:1 (   D:2 !

Annotations:
D:3 1 runed translucent door, zzzzzzzz's ghost, amateur DDBe


Innate Abilities, Weirdness & Mutations

You are resistant to damage.
You can heal yourself by infusing magical energy.
You passively map a small area around you.
You do not regenerate.


Message History

You shoot a bolt. The bolt hits the black bear!
The black bear is severely wounded.
The black bear bites you but does no damage.
The black bear claws you. The black bear misses you.
The black bear bites you but does no damage.
The black bear claws you. The black bear barely misses you.
Fire: bolt
Press: ? - help, Q - select action, (/) - cycle Shift-Dir - straight line, f/p - black bear
Aim: a black bear (severely wounded, 72% to hit)
You shoot a bolt. The bolt barely misses the black bear.
The bolt misses the goblin.
The black bear bites you but does no damage.
The black bear claws you but does no damage.
The black bear misses you.
Unknown command.
You feel a bond with your your +0 spectral quarterstaff.
q - a +0 spectral quarterstaff (weapon)
You closely miss the black bear.
The black bear is severely wounded.
The black bear barely misses you. The black bear closely misses you.
The black bear claws you. The black bear completely misses you.
The black bear claws you. x2
You completely miss the black bear.
The black bear is severely wounded.
The black bear completely misses you. The black bear closely misses you. x2
You closely miss the black bear.
The black bear is severely wounded.
The black bear bites you. The black bear claws you.
The black bear claws you but does no damage.
You sock the black bear!
The black bear is almost dead.
The black bear goes berserk!
The black bear bites you!
* * * LOW HITPOINT WARNING * * *
The black bear barely misses you. The black bear completely misses you.
You barely miss the black bear.
The black bear is almost dead.
The black bear bites you!
* * * LOW HITPOINT WARNING * * *
The black bear claws you.
You die...

* , , ,, , * , , , , ,, ,
*, , ,, .** *#### * * *
... ≈≈≈≈ #######..... +
≈)≈≈ #...@hg>(..(, ≈ ≈≈≈≈
##.########## ** ####
#....#.....###########
#..#.#.###.#..........
#####..#.#.###.#.#########
#......#.....#.#.#
#.###.####.#.#.#.# #...#^#
#.#.#.#.######### ###.#.#
#.#.#.#.........#


You could see a black bear (berserk) and a goblin.

Vanquished Creatures
  A black bear (D:3)
  5 adders
  2 worms
  A dart slug (D:2)
  4 orcs
  2 ball pythons (D:1)
  3 endoplasms
  8 giant cockroaches
  5 hobgoblins
  4 jackals (D:2)
  8 quokkas
  6 bats
  3 frilled lizards (D:2)
  7 goblins
  11 kobolds
  5 rats
75 creatures vanquished.

Vanquished Creatures (others)
  A fungus (D:2)
  14 plants (D:2)
15 creatures vanquished.

Grand Total: 90 creatures vanquished

Notes
Turn   | Place    | Note
-------+----------+-------------------------------------------
     0 | D:1      | Glokmah the Deep Dwarf Arcane Marksman began the quest for
                  | the Orb.
     0 | D:1      | Reached XP level 1. HP: 16/16 MP: 2/2
    74 | D:1      | Reached skill level 1 in Fighting
   294 | D:1      | Reached XP level 2. HP: 19/25 MP: 3/3
   362 | D:1      | Found Noisyorakh's Antique Weapon Shoppe.
   940 | D:2      | Found a faded altar of an unknown god.
  1036 | D:2      | Found Zuynorph's Distillery.
  1157 | D:2      | Found a bloodstained altar of Trog.
  1235 | D:2      | Reached XP level 3. HP: 20/31 MP: 4/4
  1286 | D:2      | Reached skill level 3 in Crossbows
  1286 | D:2      | Reached skill level 1 in Armour
  1394 | D:2      | Learned a level 3 spell: Inner Flame
  1463 | D:2      | Reached XP level 4. HP: 30/38 MP: 5/5
  2572 | D:3      | Noticed a black bear
  2586 | D:3      | Killed a black bear
  2587 | D:3      | Reached skill level 1 in Fire Magic
  2587 | D:3      | Reached XP level 5. HP: 31/45 MP: 3/7
  2698 | D:3      | Reached skill level 4 in Crossbows
  2848 | D:3      | Found a runed translucent door.
  2849 | D:3      | Noticed zzzzzzzz's ghost (amateur DDBe)
  2947 | D:3      | Noticed a black bear
  2960 | D:3      | Slain by a black bear

Illustrated notes

Levels and vault maps discovered:
D:1:      dpeg_arrival_solitude, layout_loops_ring, serial_shops, shop
D:2:      minmay_razor_zed, layout_loops_ring,
          shapermc_ecumenical_altar_mp_urbaneastern, serial_shops,
          nicolae_shop_stone, serial_forest, infiniplex_forest_clump_small,
          infiniplex_forest_end_3, infiniplex_forest_lined_2,
          infiniplex_forest_straight_1, infiniplex_forest_straight_2,
          infiniplex_forest_join, infiniplex_forest_straight_4,
          infiniplex_forest_lined_2, infiniplex_forest_clump_small, basic_altar,
          lexackson_kobold_supper
D:3:      layout_basic, ebering_ghost_sewer_f, kennysheep_generic_room_13,
          uniq_terence

Skill      XL: |  1  2  3  4  5 |
---------------+----------------+-----
Fighting       | 1 2 |  2.0
Crossbows      | 3 4 |  4.0
Armour         | 1 |  1.9
Spellcasting   | 2 |  2.0
Hexes          | 3 |  3.0
Fire Magic     | 1 |  1.2
Dodging        | |  2.1

Action                   |  1- 3 |  4- 6 || total
-------------------------+-------+-------++-------
Melee: Trident           |    56 |    78 ||   134
       Quarterstaff      |       |    15 ||    15
 Fire: Hand crossbow     |    82 |    36 ||   118
 Cast: Corona            |     2 |       ||     2
 Abil: Heal Wounds       |     1 |     1 ||     2
 Stab: Sleeping          |     1 |     2 ||     3
Armor: Robe              |     6 |       ||     6
       Leather armour    |    17 |    27 ||    44
Dodge: Dodged            |    73 |    79 ||   152

Table legend: (Time is in decaauts)
 A = Elapsed time spent in this place.
 B = Non-inter-level travel time spent in this place.
 C = Inter-level travel time spent in this place.
 D = Time resting spent in this place.
 E = Time spent auto-exploring this place.
 F = Levels seen in this place.
 G = Mean time per level.
                   A        B        C        D        E       F      G
               +--------+--------+--------+--------+--------+-----+--------+
         Total |   3042 |   2841 |    201 |      0 |   1969 |   3 | 1014.0 |
       Dungeon |   3042 |   2841 |    201 |      0 |   1969 |   3 | 1014.0 |
               +--------+--------+--------+--------+--------+-----+--------+

Top non-repeatable levels by time:
     D:2: 1424 daAuts
     D:1: 926 daAuts
     D:3: 691 daAuts
